Map: Terrasses de Prion

Players

miniplie - Winner!

  • Race: Protoss Protoss
  • League: Silver

pupu

  • Race: Protoss Protoss
  • League: Silver

VOD

Have the link to the VOD?

Description

Time

  • Played on: April 4, 2016, 11:01 a.m.
  • Length: 16:05
Show
View Real Time Build Order
Export as new Build Order

miniplie Protoss - Winner!

Build Orders: 1 Gate Expand 

Get SALT Encoding   

  12  0:01  Probe (Chrono Boost)  
  13  0:12  Probe (Chrono Boost)  
  14  0:17  Pylon  
  14  0:22  Probe (Chrono Boost)  
  15  0:36  Gateway  
  15  0:39  Assimilator  
  16  0:43  Probe (Chrono Boost)  
  16  0:53  Probe (Chrono Boost)  
  17  1:04  Probe (Chrono Boost)  
  18  1:14  Probe (Chrono Boost)  
  19  1:25  Probe (Chrono Boost)  
  20  1:41  Nexus  
  20  1:51  Pylon  
  20  1:52  Probe (Chrono Boost)  
  21  2:02  Pylon  
  21  2:03  Probe (Chrono Boost)  
  22  2:10  Cybernetics Core  
  22  2:13  Pylon  
  22  2:20  Probe (Chrono Boost)  
  23  2:22  Assimilator  
  23  2:39  Gateway  
  23  2:47  Mothership Core (Chrono Boost)  
  23  2:48  Warp Gate (Chrono Boost)  
  23  2:50  Adept  
  28  3:05  Probe (Chrono Boost)  
  28  3:08  Gateway  
  28  3:16  Probe (Chrono Boost)  
  29  3:20  Stalker  
  29  3:24  Probe (Chrono Boost)  
  32  3:31  Probe  
  32  3:33  Probe  
  34  3:44  Pylon  
  34  3:51  Robotics Facility  
  34  3:55  Zealot  
  36  4:00  Adept  
  38  4:06  Probe  
  38  4:08  Probe  
  40  4:18  Probe  
  40  4:20  Probe  
  42  4:28  Probe  
  43  4:39  Probe, Observer  
  43  4:41  Stalker  
  43  4:42  Stalker  
  49  4:46  Pylon  
  49  4:49  Probe  
  50  5:00  Probe  
  51  5:07  Gateway  
  51  5:09  Stalker, Gateway  
  51  5:10  Probe  
  54  5:16  Twilight Council  
  54  5:18  Immortal  
  54  5:21  Probe  
  59  5:29  Stalker  
  59  5:32  Assimilator  
  59  5:34  Assimilator  
  61  5:37  Pylon  
  61  5:43  Adept  
  63  5:52  Adept  
  61  6:08  Stalker  
  53  6:20  Probe  
  53  6:22  Probe  
  51  6:26  Blink  
  51  6:31  Probe  
  51  6:34  Probe  
  51  6:36  Stalker  
  51  6:37  Stalker  
  57  6:41  Probe  
  57  6:46  Probe  
  59  6:47  Stalker  
  59  6:48  Stalker  
  59  6:52  Probe  
  64  6:57  Immortal  
  64  6:58  Probe  
  69  7:03  Probe  
  69  7:05  Stalker  
  72  7:10  Probe  
  72  7:13  Probe  
  74  7:22  Probe  
  49  7:41  Stalker x2  
  49  7:42  Stalker x2  
  47  7:53  Mothership Core  
  49  8:05  Zealot x3  
  55  8:20  Immortal  
  55  8:22  Adept  
  55  8:23  Probe  
  62  8:33  Probe  
  62  8:34  Stalker  
  62  8:35  Zealot  
  62  8:36  Zealot  
  69  8:44  Probe  
  70  8:57  Adept  
  70  8:58  Nexus  
  70  9:00  Resonating Glaives  
  72  9:03  Immortal  
  76  9:23  Stalker x3  
  82  9:32  Pylon  
  82  9:36  Adept  
  84  9:50  Immortal, Pylon  
  84  9:52  Pylon  
  88  9:56  Robotics Facility  
  88  10:05  Adept x2  
  88  10:06  Adept  
  94  10:08  Probe  
  95  10:16  Forge  
  95  10:19  Probe  
  96  10:21  Adept  
  98  10:29  Probe  
  99  10:40  Probe  
  99  10:41  Immortal  
  104  10:44  Immortal  
  104  10:48  Probe  
  104  10:49  Probe, Protoss Ground Weapons Level 1  
  110  10:50  Probe  
  111  10:58  Probe  
  111  11:01  Probe x2  
  110  11:12  Probe  
  110  11:17  Stalker x2  
  110  11:18  Stalker x2  
  109  11:22  Probe  
  106  11:33  Probe  
  106  11:39  Immortal x2  
  67  12:18  Observer x2  
  67  12:21  Stalker x3  
  73  12:29  Assimilator  
  69  12:40  Nexus  
  65  12:53  Immortal x2  
  73  13:01  Gateway x2  
  73  13:04  Gateway  
  73  13:08  Templar Archives, Protoss Ground Weapons Level 2  
  73  13:10  Stalker  
  73  13:11  Stalker x2  
  79  13:19  Charge  
  79  13:31  Pylon  
  79  13:37  Immortal  
  86  14:17  Stalker x3  
  86  14:19  Stalker x4  
  86  14:20  Stalker x2  
  92  14:24  Immortal  
  86  14:44  Pylon  
  82  14:47  Pylon  
  82  14:50  Pylon  
  82  14:58  Adept x2  
  82  14:59  Adept x3  
  92  15:36  High Templar  
  92  15:37  High Templar x2  
  92  15:39  Zealot x3  
Show
View Real Time Build Order
Export as new Build Order

pupu Protoss 

Build Orders: Nexus First, Oracle Opening 

Get SALT Encoding   

  12  0:01  Probe (Chrono Boost)  
  13  0:11  Probe (Chrono Boost)  
  14  0:22  Probe (Chrono Boost), Pylon  
  15  0:40  Probe (Chrono Boost)  
  16  0:51  Probe (Chrono Boost)  
  17  1:01  Nexus  
  17  1:10  Gateway  
  17  1:16  Probe (Chrono Boost)  
  18  1:25  Assimilator  
  18  1:27  Assimilator  
  18  1:28  Probe (Chrono Boost)  
  19  1:38  Probe (Chrono Boost)  
  20  1:46  Pylon  
  20  1:49  Probe (Chrono Boost)  
  21  1:59  Probe (Chrono Boost)  
  22  2:09  Cybernetics Core  
  22  2:14  Probe x2 (Chrono Boost)  
  24  2:16  Gateway  
  24  2:25  Pylon  
  24  2:27  Probe (Chrono Boost)  
  25  2:35  Probe (Chrono Boost)  
  26  2:39  Probe (Chrono Boost)  
  26  2:40  Warp Gate (Chrono Boost)  
  27  2:45  Probe (Chrono Boost)  
  27  2:46  Stargate  
  27  2:50  Probe (Chrono Boost)  
  29  2:55  Sentry  
  29  2:57  Probe (Chrono Boost)  
  32  3:07  Stalker, Pylon  
  32  3:11  Probe (Chrono Boost)  
  32  3:12  Probe  
  36  3:20  Assimilator  
  36  3:21  Probe  
  36  3:24  Probe  
  36  3:26  Pylon  
  38  3:32  Gateway  
  38  3:35  Oracle (Chrono Boost)  
  41  3:41  Probe x2  
  43  3:53  Probe x2, Stalker  
  43  3:54  Stalker  
  49  4:05  Probe x2  
  49  4:08  Pylon  
  51  4:10  Gateway  
  51  4:13  Forge  
  51  4:17  Probe  
  51  4:18  Probe, Oracle (Chrono Boost)  
  51  4:23  Pylon  
  56  4:27  Pylon  
  56  4:29  Probe  
  57  4:42  Stalker x3  
  63  4:50  Probe x2  
  65  4:59  Twilight Council  
  65  5:01  Pylon  
  65  5:03  Pylon  
  65  5:06  Photon Cannon  
  65  5:09  Photon Cannon  
  65  5:12  Photon Cannon  
  65  5:13  Probe  
  65  5:14  Photon Cannon  
  66  5:16  Photon Cannon  
  66  5:17  Protoss Ground Weapons Level 1  
  66  5:22  Sentry x2  
  66  5:25  Stalker  
  72  5:42  Blink (Chrono Boost)  
  72  5:44  Probe  
  72  5:45  Probe  
  72  5:48  Assimilator  
  74  5:59  Pylon  
  74  6:26  Stalker x4  
  74  6:30  Probe, Mothership Core  
  85  6:41  Nexus  
  85  6:43  Probe, Pylon  
  85  6:45  Pylon  
  86  6:47  Pylon  
  86  6:52  Pylon  
  86  6:55  Probe  
  86  6:56  Probe, Pylon  
  86  6:57  Pylon  
  88  7:01  Assimilator  
  88  7:02  Stalker x4  
  88  7:06  Assimilator  
  78  7:33  Stalker x4  
  74  7:52  Probe x2  
  74  7:53  Probe  
  77  8:03  Gateway  
  77  8:04  Probe x2, Gateway  
  79  8:06  Void Ray  
  79  8:07  Gateway  
  79  8:08  Gateway  
  79  8:10  Gateway x2  
  79  8:12  Stalker x4  
  91  8:28  Robotics Facility  
  91  8:30  Dark Shrine  
  91  8:32  Pylon  
  91  8:36  Probe x2, Pylon  
  91  8:39  Pylon  
  91  8:41  Stalker  
  95  8:42  Sentry x2, Pylon  
  95  8:43  Sentry  
  95  8:45  Pylon  
  101  8:49  Pylon  
  101  8:55  Void Ray  
  105  9:23  Photon Cannon  
  105  9:25  Photon Cannon  
  105  9:27  Photon Cannon  
  105  9:30  Photon Cannon  
  105  9:34  Photon Cannon  
  105  9:37  Photon Cannon  
  105  9:39  Photon Cannon, Pylon  
  105  9:42  Pylon  
  105  9:46  Photon Cannon  
  105  9:48  Observer  
  106  10:00  Charge (Chrono Boost)  
  106  10:01  Void Ray  
  110  10:07  Dark Templar x2  
  110  10:12  Archon  
  114  10:15  Immortal  
  118  10:33  Photon Cannon  
  118  10:35  Photon Cannon  
  118  10:38  Dark Templar, Pylon  
  118  10:39  Pylon  
  118  10:42  Dark Templar  
  122  11:10  Pylon  
  116  11:15  Pylon  
  116  11:17  Pylon  
  70  11:30  Dark Templar  
  70  11:31  Dark Templar x5  
  70  11:32  Dark Templar  
  75  11:40  Pylon  
  75  11:42  Photon Cannon  
  75  11:51  Photon Cannon  
  75  12:04  Dark Templar x2  
  77  12:21  Stalker x3  
  83  12:44  Nexus  
  77  12:57  Archon  
  77  12:59  Stalker x2  
  77  13:02  Observer  
  82  13:07  Sentry  
  82  13:08  Sentry x3  
  90  13:24  Observer  
  91  13:31  Stalker x3  
  72  14:07  Stalker x2  
  72  14:08  Stalker x2  
  48  14:45  Dark Templar  
  48  14:46  Dark Templar x3  
  48  14:48  Stalker  
  52  15:03  Dark Templar  
  39  15:31  Dark Templar x3  
  45  15:50  Dark Templar  
Tags
 
Add a new tag
Caveats
  • Supply blocks, unpowered buildings, or Contaminate may cause inaccurate times.
  • Supply counts are checked every 10 seconds.